Map: Ruins of Endion

Players

bestchili - Winner!

  • Race: Terran Terran
  • League: Silver

Mindele

  • Race: Terran Terran
  • League: Bronze

VOD

Have the link to the VOD?

Description

Time

  • Played on: May 14, 2016, 9:07 p.m.
  • Length: 9:23
Show
View Real Time Build Order
Export as new Build Order

bestchili Terran - Winner!

Build Orders: Banshee Rush 

Get SALT Encoding   

  12  0:01  SCV  
  13  0:18  Supply Depot  
  13  0:19  SCV  
  14  0:29  Refinery  
  14  0:32  SCV  
  15  0:47  Barracks  
  15  0:48  SCV  
  16  1:01  SCV  
  17  1:05  Refinery  
  17  1:13  SCV  
  18  1:20  Supply Depot  
  18  1:25  SCV  
  19  1:36  Barracks Reactor  
  19  1:39  Bunker  
  19  1:47  Orbital Command  
  19  2:13  Marine x2  
  21  2:21  Factory  
  21  2:24  SCV  
  22  2:31  Marine  
  22  2:32  Marine  
  22  2:36  SCV  
  25  2:42  Supply Depot  
  25  2:50  Marine x2  
  27  2:55  SCV  
  28  3:07  SCV  
  28  3:08  Starport, Factory Tech Lab  
  29  3:13  Supply Depot  
  29  3:14  Marine  
  29  3:19  SCV  
  31  3:23  Marine  
  32  3:31  SCV  
  32  3:32  Marine  
  34  3:41  Supply Depot  
  34  3:43  SCV  
  35  3:53  Banshee  
  35  3:55  Cloaking Field  
  38  3:57  SCV  
  38  3:58  Marine x2  
  41  4:09  SCV  
  42  4:17  Command Center  
  42  4:24  SCV  
  43  4:31  Marine x2  
  45  4:41  Bunker  
  44  4:53  Banshee  
  47  5:15  Factory Tech Lab  
  47  5:22  SCV  
  48  5:31  Marine x2  
  48  5:34  SCV  
  51  5:39  Engineering Bay  
  51  5:52  Orbital Command  
  51  6:03  Bunker, Banshee  
  54  6:05  Bunker  
  54  6:17  Refinery  
  54  6:46  Banshee, SCV x2  
  59  6:48  Marine x2  
  61  6:58  SCV x2  
  60  7:05  Marine  
  61  7:10  SCV  
  62  7:22  Marine  
  63  7:23  Marine  
  64  7:34  Barracks  
  64  7:40  Barracks x2, Marine  
  64  7:41  Marine  
  60  7:53  Siege Tank  
  60  7:56  Orbital Command  
  57  8:01  Banshee  
  46  8:28  Marine  
  46  8:29  Marine  
  46  8:33  Siege Tank  
  40  8:46  Marine x2  
  40  8:47  Bunker  
  42  8:49  Bunker  
  40  9:04  Marine  
Show
View Real Time Build Order
Export as new Build Order

Mindele Terran 

Build Orders:  

Get SALT Encoding   

  12  0:01  SCV  
  13  0:13  SCV  
  14  0:19  Supply Depot  
  14  0:25  SCV  
  15  0:40  SCV  
  16  0:42  Barracks  
  16  0:55  Barracks  
  16  0:56  SCV  
  17  1:06  Refinery  
  17  1:08  SCV  
  18  1:20  SCV  
  19  1:33  Orbital Command  
  19  1:36  Supply Depot  
  19  1:40  Marine  
  19  1:44  Marine  
  21  1:54  Barracks  
  21  2:04  SCV  
  22  2:10  Supply Depot  
  22  2:11  Marine  
  22  2:15  Marine  
  24  2:16  SCV  
  25  2:28  SCV  
  26  2:31  Marine  
  26  2:34  Supply Depot  
  27  2:39  Marine  
  27  2:40  SCV  
  27  2:43  Reaper  
  30  2:52  SCV  
  30  2:53  Reaper  
  30  2:57  Supply Depot  
  32  2:59  Marine  
  33  3:07  Barracks  
  33  3:22  Marine x2  
  35  3:28  Supply Depot  
  35  3:29  Marine  
  36  3:36  Barracks  
  36  3:48  SCV  
  36  3:50  Marine x3  
  36  3:54  Supply Depot  
  40  3:57  Marine  
  40  4:00  SCV  
  42  4:07  Marine  
  43  4:13  Reaper, SCV  
  43  4:14  Reaper  
  43  4:16  Reaper  
  47  4:22  Supply Depot  
  47  4:24  Marine  
  47  4:25  Marine, SCV  
  47  5:04  Marine x3  
  49  5:13  Engineering Bay  
  49  5:14  Marine  
  49  5:15  Marine  
  51  5:24  Marine x3  
  54  5:28  SCV  
  55  5:40  SCV  
  55  5:41  Factory  
  56  5:48  Missile Turret  
  56  5:57  Marine  
  56  5:58  Marine x3  
  56  6:00  Marine  
  61  6:11  Missile Turret  
  61  6:15  Marine  
  62  6:22  Missile Turret  
  57  6:47  Marine x4  
  60  7:01  Marine  
  60  7:05  Marine  
  62  7:13  Marine x3  
  65  7:20  Marine  
  66  7:22  Marine  
  66  7:23  SCV  
  66  7:25  Factory Tech Lab  
  68  7:31  Marine x2  
  68  7:35  SCV  
  63  7:56  Marine x3  
  63  7:57  Marine x2  
  55  8:14  Marine x3  
  49  8:31  Marine x2  
  49  8:32  Marine x3  
  50  8:49  Marine x3  
  50  8:50  Marine  
Tags
 
Add a new tag
Caveats
  • Supply blocks, unpowered buildings, or Contaminate may cause inaccurate times.
  • Supply counts are checked every 10 seconds.